 Dungeon Crawl Stone Soup version 0.30-a0-528-g8c47a4955b (webtiles) character file.

Game seed: 6234963784375136093

2263 Khashishi the Digger (level 9, 0/63 HPs)
             Began as a Formicid Earth Elementalist on Dec 23, 2022.
             Was a Plaything of Xom.
             Slain by a gnoll sergeant
             ... wielding a +0 trident of electrocution
              (19 damage)
             ... on level 6 of the Dungeon.
             The game lasted 00:32:41 (4031 turns).

Khashishi the Digger (Formicid Earth Elementalist)  Turns: 4031, Time: 00:32:41

Health: 0/63       AC:  9    Str: 19    XL:     9   Next: 65%
Magic:  13/17      EV: 14    Int: 28    God:    Xom [..*...]
Gold:   341        SH: 10    Dex: 18    Spells: 9/19 levels left

rFire   x . .      SeeInvis +    a - +4 hand axe (vorpal)
rCold   . . .      Faith    .    e - +0 kite shield "Foh Pant" {rF- Int+9 Dex+4 Stlth+}
rNeg    . . .      Spirit   .    k - +0 ring mail
rPois   .          Reflect  .    (helmet unavailable)
rElec   .          Harm     .    (no cloak)
rCorr   .          Rampage  .    (no gloves)
Will    .....                    h - +2 pair of boots
Stlth   +++                      d - amulet of regeneration
HPRegen 1.10/turn                c - +6 ring of strength
MPRegen 0.15/turn                s - +4 ring of evasion

@: lethally poisoned (0 -> -5), weakened, studying Axes
A: permanent stasis, dig shafts and tunnels, antennae 3, four strong arms
a: Dig, Shaft Self, Renounce Religion


You were on level 6 of the Dungeon.
You worshipped Xom.
You were a toy of Xom.
You visited 2 branches of the dungeon, and saw 7 of its levels.

You collected 1184 gold pieces.
You spent 843 gold pieces at shops.

Inventory:

Hand Weapons
 a - a +4 vorpal hand axe (weapon)
Armour
 e - the +0 kite shield "Foh Pant" (worn) {rF- Int+9 Dex+4 Stlth+}
   (You acquired it on level 4 of the Dungeon)

   Int:       It affects your intelligence (+9).
   Dex:       It affects your dexterity (+4).
   rF:        It makes you vulnerable to fire.
   Stlth:     It makes you more stealthy.
 h - a +2 pair of boots (worn)
 k - a +0 ring mail (worn)
Magical Staves
 b - a staff of earth
Jewellery
 c - a +6 ring of strength (left hand)
 d - an amulet of regeneration (around neck)
 q - an amulet of faith
 s - a +4 ring of evasion (right hand)
 y - a ring of flight
Wands
 l - a wand of quicksilver (16)
 v - a wand of polymorph (12)
 w - a wand of roots (11)
Scrolls
 m - 2 scrolls of enchant armour
 u - a scroll of acquirement
Potions
 g - a potion of curing {unknown}
 i - a potion of heal wounds {unknown}
 j - 3 potions of attraction
 n - a potion of haste
 p - 2 potions of flight
 r - 2 potions of mutation
 t - 2 potions of might
 z - a potion of magic


   Skills:
 + Level 3.1 Fighting
 + Level 4.4 Axes
 + Level 5.1 Armour
 - Level 1.7 Dodging
 - Level 2.4 Stealth
 + Level 4.0 Shields
 + Level 5.5 Spellcasting
 + Level 2.4 Conjurations
 - Level 5.0 Transmutations
 + Level 7.1 Earth Magic
 - Level 3.0 Evocations


You had 9 spell levels left.
You knew the following spells:

 Your Spells              Type           Power      Damage    Failure   Level
a - Sandblast             Erth           94%        2d19      1%          1
b - Stone Arrow           Conj/Erth      68%        3d11      10%         3
c - Passwall              Tmut/Erth      34%        N/A       3%          2
d - Petrify               Tmut/Erth      41%        N/A       21%         4

Your spell library contained the following spells:

 Spells                   Type           Power      Damage    Failure   Level
 Manifold Assault         Tloc           7%         N/A       94%         4
 Summon Ice Beast         Ice/Summ       7%         N/A       94%         4
 Summon Mana Viper        Hex/Summ       7%         N/A       100%        5
 Dispersal                Tloc           3%         N/A       100%        6
 Monstrous Menagerie      Summ           3%         N/A       100%        7
 Disjunction              Tloc           3%         N/A       100%        8


Dungeon Overview and Level Annotations

Branches:
Dungeon (6/15)             Temple (1/1) D:4

Altars:
Ashenzari
Dithmenos
Gozag
Hepliaklqana
Kikubaaqudgha
Makhleb
Nemelex Xobeh
Okawaru
Ru
Trog
Wu Jian
Xom
Yredelemnul
The Shining One

Shops:
D:3 :   D:4 (   D:6 *

Annotations:
D:6 bmack86's ghost, novice MiFi


Innate Abilities, Weirdness & Mutations

You cannot be hasted, slowed, berserked, paralysed or teleported.
You can dig through walls and to a lower floor.
You have a pair of large antennae on your head. (SInv)
Your four strong arms can wield two-handed weapons with a shield.


Message History

The gnoll sergeant hits you from afar with the +5 trident "Jimpuyre" {vamp, Int+3}.
You block the gnoll's attack.
The gnoll bouda gazes fiercely through you!
You feel your attacks grow feeble.
Press: ? - help, v - describe, . - travel
Here: a gnoll, wielding a +2 halberd of venom (moderately wounded)
The floor.
Unknown command.
Okay, then.
Unknown command.
Okay, then.
Unknown command.
You slash the gnoll!
You kill the gnoll!
You feel very sick.
The gnoll sergeant hits you from afar with a +0 trident of electrocution.
You are electrocuted!
You block the gnoll sergeant's attack.
The gnoll bouda barks out a call to the hunt!
The gnolls pick up the pace!
Okay, then.
Unknown command.
Okay, then.
Unknown command.
Okay, then.
Unknown command.
Okay, then.
Really quaff the potion of attraction?
Okay, then.
Unknown command.
Casting: Sandblast (safe; 1% risk of failure)
Confirm with . or Enter, or press ? or * to list all spells.
Aiming: Petrify (dangerous; 21% risk of failure)
Press: ? - help, Shift-Dir - straight line, f - gnoll sergeant
Aim: a gnoll sergeant, wielding the +5 trident "Jimpuyre" {vamp, Int+3}, wearing the +0 scale mail "Unetsuj" {rN+ rCorr} and wearing the -1 buckler "Sirytzam" {Int+3 Dex+4} (covering ground quickly, chance to affect: 67%)
The gnoll sergeant is moving more slowly.
You feel very sick.
The gnoll sergeant hits you from afar with a +0 trident of electrocution.
You are electrocuted!!
You die...
Xom chuckles heartily!

#.≈≈##.###.###.##≈≈..#.....
#.≈≈#.......... #≈≈........
#.≈≈###.##' #.###≈≈........
#.≈≈..#.#. ..≈≈.#......
#.≈≈.##.# { #.≈≈........
#.≈≈.#{{# #.≈≈........
#.≈≈.##{##### ##.≈≈........
#.....#§#8§8#§#..≈≈........
#....©#gg§@§§§#©.~~........
#.....#§#)§§#§#..≈≈........
#.≈≈.##.##g##.##.≈≈........
#.≈≈.#g.#§§§# .#.≈≈........
#.≈≈.##.'§g§'.##.≈≈........
#.≈≈..#.#§g§#.#..≈≈........
#.≈≈###.##§##.###≈≈...####.
#.≈≈#....§§§{..g#≈≈...# ##
#.≈≈##.###g###.##≈≈.#.#


You could see 2 gnoll sergeants, a gnoll bouda and 2 gnolls.

Vanquished Creatures
  Pikel (D:5)
  Edmund (D:5)
  2 water moccasins (D:5)
  An orc warrior (D:6)
  2 ice beasts
  A centaur (D:6)
  3 lemures
  4 scorpions (D:6)
  2 necrophages
  A howler monkey (D:5)
  3 orc priests (D:5)
  A jelly (D:6)
  4 hounds (D:5)
  Jessica (D:2)
  5 iguanas
  3 orc wizards
  Robin (D:4)
  A gnoll (D:6)
  11 adders
  A white imp (D:5)
  3 worms (D:2)
  3 dart slugs
  12 orcs
  6 endoplasms
  8 giant cockroaches
  12 goblins
  7 hobgoblins
  4 quokkas
  5 ball pythons
  A bat (D:1)
  3 frilled lizards (D:2)
  7 kobolds
  6 rats
126 creatures vanquished.

Vanquished Creatures (collateral kills)
  2 orcs
2 creatures vanquished.

Vanquished Creatures (others)
  An orc wizard (D:6)
  6 plants (D:6)
7 creatures vanquished.

Grand Total: 135 creatures vanquished

Notes
Turn   | Place    | Note
-------+----------+-------------------------------------------
     0 | D:1      | Khashishi the Formicid Earth Elementalist began the quest
                  | for the Orb.
     0 | D:1      | Reached XP level 1. HP: 13/13 MP: 3/3
   159 | D:1      | Reached XP level 2. HP: 20/20 MP: 0/5
   360 | D:1      | Reached skill level 1 in Fighting
   747 | D:2      | Reached skill level 4 in Earth Magic
   747 | D:2      | Reached XP level 3. HP: 26/26 MP: 3/6
   751 | D:2      | Learned a level 3 spell: Stone Arrow
   821 | D:2      | Reached XP level 4. HP: 23/32 MP: 1/8
   947 | D:2      | Noticed Jessica
   949 | D:2      | Killed Jessica
   950 | D:2      | Reached skill level 1 in Armour
  1080 | D:2      | Found a faded altar of an unknown god.
  1189 | D:3      | Reached XP level 5. HP: 38/38 MP: 6/9
  1195 | D:3      | Found a shimmering altar of Xom.
  1386 | D:3      | Became a worshipper of Xom of Enforced Whimsey
  1422 | D:3      | Found an opulent altar of Gozag.
  1521 | D:3      | Found Mucu's Book Shop.
  1686 | D:4      | Noticed Robin
  1693 | D:4      | XOM: smoke on damage
  1717 | D:4      | Killed Robin
  1718 | D:4      | Reached XP level 6. HP: 36/44 MP: 1/11
  1795 | D:4      | Found a staircase to the Ecumenical Temple.
  1804 | Temple   | Entered the Ecumenical Temple
  1985 | D:4      | Found an iron altar of Okawaru.
  1985 | D:4      | Found a glowing golden altar of the Shining One.
  2064 | D:4      | Learned a level 2 spell: Passwall
  2123 | D:4      | XOM: silly message
  2124 | D:4      | XOM: silly message
  2156 | D:4      | Found an ornate altar of the Wu Jian Council.
  2299 | D:4      | You fall into a shaft and drop 1 floor!
  2299 | D:5      | Entered Level 5 of the Dungeon
  2318 | D:5      | Found a burning altar of Makhleb.
  2330 | D:5      | Noticed Pikel
  2336 | D:5      | Noticed a water moccasin
  2339 | D:5      | XOM: potion effect (brilliance)
  2341 | D:5      | XOM: potion effect (brilliance)
  2363 | D:5      | XOM: potion effect (invisibility)
  2385 | D:5      | Reached skill level 5 in Earth Magic
  2392 | D:5      | Killed a water moccasin
  2393 | D:5      | Reached skill level 1 in Evocations
  2393 | D:5      | Reached XP level 7. HP: 50/50 MP: 0/12
  2415 | D:5      | XOM: silly message
  2419 | D:5      | XOM: butterfly on damage
  2421 | D:5      | Killed Pikel
  2422 | D:5      | Reached XP level 8. HP: 13/56 MP: 1/14
  2427 | D:5      | Learned a level 4 spell: Petrify
  2456 | D:5      | XOM: silly message
  2562 | D:4      | Found Raraxu's Antique Weapon Emporium.
  2587 | D:4      | Identified 3 scrolls of acquirement
  2587 | D:4      | Acquired 831 gold pieces
  2591 | D:4      | Acquired the +0 kite shield "Foh Pant" {rF- Int+9 Dex+4
                  | Stlth+}
  2635 | D:3      | Bought a manual of Axes for 800 gold pieces
  2682 | D:4      | XOM: silly message
  2760 | D:5      | XOM: noise
  2763 | D:5      | Reached skill level 6 in Earth Magic
  2768 | D:5      | Reached skill level 1 in Axes
  2771 | D:5      | XOM: summons 2 friendly demons
  2772 | D:5      | Reached skill level 1 in Shields
  2794 | D:5      | Noticed Edmund
  2809 | D:5      | Killed Edmund
  3163 | D:5      | Reached XP level 9. HP: 49/61 MP: 11/16
  3265 | D:5      | XOM: god gift: 39 gold pieces
  3293 | D:6      | XOM: enchant monster (good)
  3302 | D:6      | Reached skill level 5 in Transmutations
  3303 | D:6      | Reached skill level 5 in Spellcasting
  3354 | D:6      | Found Ymniras's Assorted Antiques.
  3361 | D:6      | Bought a scroll labelled WIRAETR FUHIO for 23 gold pieces
  3361 | D:6      | Bought a lumpy yellow potion for 20 gold pieces
  3374 | D:6      | XOM: silly message
  3425 | D:6      | Reached skill level 7 in Earth Magic
  3427 | D:6      | Reached skill level 5 in Armour
  3658 | D:6      | Found a bloodstained altar of Trog.
  3767 | D:6      | Identified the +5 trident "Jimpuyre" {vamp, Int+3}
  3767 | D:6      | Identified the +0 scale mail "Unetsuj" {rN+ rCorr}
  3767 | D:6      | Identified the -1 buckler "Sirytzam" {Int+3 Dex+4}
  3779 | D:6      | Found a transporter.
  3783 | D:6      | Noticed bmack86's ghost (novice MiFi)
  4031 | D:6      | Slain by a gnoll sergeant

Illustrated notes

Levels and vault maps discovered:
D:1:      matt_arrival_los_fun, layout_rooms, corexii_hall_statues_l
D:2:      layout_basic, hellmonk_ecumenical_altar_crossroads, uniq_jessica
D:3:      layout_rooms, nicolae_overflow_crystal_walls, lemuel_doored_altar,
          serial_shops, shop
D:4:      layout_loops_cross, mainiacjoe_overflow_boulevard,
          mainiacjoe_overflow_divided_tiny, minmay_temple_entry_slanted,
          serial_shops, shop, kennysheep_minor_cross, uniq_robin
D:5:      layout_loops_ring, mainiacjoe_overflow_tiny_flanked,
          minmay_fractal_squares_gapless_5, uniq_edmund, uniq_pikel
D:6:      layout_basic, trog_butcher_becter, serial_shops, shop,
          gammafunk_ghost_gnarly_gnolls
Temple:   hellmonk_temple_beads

Skill      XL: |  1  2  3  4  5  6  7  8  9 |
---------------+----------------------------+-----
Fighting       | 1 2 3 |  3.1
Earth Magic    | 4 5 6 7 |  7.1
Transmutations | 2 3 4 5 |  5.0
Armour         | 1 2 3 4 5 |  5.1
Spellcasting   | 3 4 5 |  5.5
Evocations     | 1 2 3 |  3.0
Conjurations   | 2 |  2.4
Axes           | 2 4 |  4.4
Shields        | 2 4 |  4.0
Dodging        | |  1.7
Stealth        | |  2.4

Action                   |  1- 3 |  4- 6 |  7- 9 || total
-------------------------+-------+-------+-------++-------
Melee: Hand axe          |     4 |    44 |    59 ||   107
       Rapier            |     1 |       |       ||     1
       Quarterstaff      |     1 |       |       ||     1
       Punch             |       |     1 |       ||     1
 Cast: Sandblast         |    24 |    78 |    63 ||   165
       Passwall          |       |     2 |       ||     2
       Stone Arrow       |       |       |     1 ||     1
       Petrify           |       |       |     1 ||     1
  Use: Scroll            |       |       |    15 ||    15
 Stab: Invisible         |       |     1 |     6 ||     7
       Sleeping          |       |       |     2 ||     2
Armor: Ring mail         |     2 |    22 |    17 ||    41
       Robe              |     1 |       |       ||     1
Dodge: Dodged            |     5 |    78 |    61 ||   144
Block: Kite shield       |       |       |    33 ||    33

Table legend: (Time is in decaauts)
 A = Elapsed time spent in this place.
 B = Non-inter-level travel time spent in this place.
 C = Inter-level travel time spent in this place.
 D = Time resting spent in this place.
 E = Time spent auto-exploring this place.
 F = Levels seen in this place.
 G = Mean time per level.
                   A        B        C        D        E       F      G
               +--------+--------+--------+--------+--------+-----+--------+
         Total |   4142 |   3813 |    329 |      0 |   2043 |   7 |  591.7 |
       Dungeon |   4032 |   3714 |    318 |      0 |   1952 |   6 |  672.0 |
        Temple |    110 |     99 |     11 |      0 |     91 |   1 |  110.0 |
               +--------+--------+--------+--------+--------+-----+--------+

Top non-repeatable levels by time:
     D:5: 849 daAuts
     D:6: 742 daAuts
     D:1: 702 daAuts
     D:4: 641 daAuts
     D:2: 556 daAuts
     D:3: 539 daAuts
  Temple: 110 daAuts
